 Dungeon Crawl Stone Soup version 0.22.1-1-ga44c0e5 (webtiles) character file.

71298 Lavandula the Severer (level 14, 0/118 HPs)
             Began as a Centaur Berserker on Nov 7, 2018.
             Was an Elder of Trog.
             Killed from afar by an ice dragon (45 damage)
             ... with a blast of cold
             ... on level 4 of the Swamp.
             The game lasted 01:02:53 (10191 turns).

Lavandula the Severer (Centaur Berserker)          Turns: 10191, Time: 01:02:54

Health: 0/118      AC: 23    Str: 24    XL:     14   Next: 97%
Magic:  0/14       EV:  8    Int:  6    God:    Trog [****..]
Gold:   1818       SH:  0    Dex: 10    Spells: 13/13 levels left

rFire    . . .     SeeInvis .   W - +3 battleaxe (flame)
rCold    . . .     Gourm    .   (shield currently unavailable)
rNeg     . . .     Faith    +   F - +0 chain mail {rPois}
rPois    +         Spirit   +   (no helmet)
rElec    .         Reflect  .   H - scarf {Spirit}
rCorr    .         Harm     .   V - +2 pair of gloves
MR       ++++.                  (no barding)
Stlth    ..........             T - amulet of faith
HPRegen  1.29/turn              v - +6 ring of protection
MPRegen  0.14/turn              h - +4 ring of protection

@: berserk cooldown, regenerating, slowed
A: large, hooves 3, deformed body, speed 2, magic resistance 1, screaming 1,
tough skin 3
a: Berserk, Trog's Hand, Brothers in Arms, Renounce Religion


You were on level 4 of the Swamp.
You worshipped Trog.
Trog was greatly pleased with you.
You were not hungry.

You visited 4 branches of the dungeon, and saw 25 of its levels.
You also visited: Ossuary, Ice Cave and Volcano.

You collected 2042 gold pieces.
You spent 224 gold pieces at shops.

Inventory:

Hand Weapons
 d - a +3 antimagic executioner's axe
 o - a +2 spear of flaming
 K - a +1 battleaxe of chopping
 L - a +3 broad axe of freezing
 W - a +3 battleaxe of flaming (weapon)
Missiles
 Z - 6 poisoned javelins (quivered)
Armour
 b - the +1 ring mail of Exclusion {rN+ Int+2}
   (You found it on level 4 of the Swamp)

   It affects your intelligence (+2).
   It protects you from negative energy.
 s - the +8 chain mail of Music {Int+2}
   (You found it on level 10 of the Dungeon)

   It affects your intelligence (+2).
 F - a +0 chain mail of poison resistance (worn)
 H - a scarf of spirit shield (worn)
 V - a +2 pair of gloves (worn)
 X - a +1 scale mail of fire resistance
Jewellery
 h - a +4 ring of protection (right hand)
 l - an uncursed ring of resist corrosion
 m - an uncursed ring of stealth
 v - a +6 ring of protection (left hand)
 D - an uncursed amulet of harm
 E - the ring "Remna" {rElec rN+}
   (You found it on level 6 of the Lair of Beasts)

   [ring of positive energy]

   It insulates you from electricity.
   It protects you from negative energy.
 I - an uncursed ring of fire
 Q - an uncursed ring of ice
 T - an amulet of faith (around neck)
Wands
 e - a wand of polymorph (18)
 f - a wand of enslavement (19)
 r - a wand of acid (2)
 w - a wand of digging (13)
 O - a wand of iceblast (1)
 P - a wand of flame (24)
Scrolls
 i - 7 scrolls of remove curse
 n - 4 scrolls of teleportation
 p - 5 scrolls of enchant armour
 t - a scroll of fear
 x - 3 scrolls of magic mapping
 y - 4 scrolls of amnesia
 C - a scroll of immolation {unknown}
 G - a scroll of fog {unknown}
 J - 2 scrolls of random uselessness {unknown}
 Y - a scroll of vulnerability
Potions
 a - 3 potions of lignification
 j - 4 potions of brilliance
 k - 7 potions of curing
 q - 5 potions of resistance
 u - a potion of cancellation {unknown}
 z - 2 potions of invisibility
 B - 2 potions of flight
 N - a potion of haste
 R - 2 potions of magic
 U - 2 potions of agility
Miscellaneous
 M - a lightning rod (4/4)
 S - a lamp of fire (inert)
Comestibles
 c - 17 rations


   Skills:
 - Level 9.1 Fighting
 + Level 19.5 Axes
 - Level 8.3 Armour
 - Level 4.0 Dodging


You had 13 spell levels left.
You didn't know any spells.
Your spell library contained the following spells:

 Spells                   Type           Power        Failure   Level  Hunger
 Animate Skeleton         Necr           N/A          96%         1    ##.....
 Apportation              Tloc           #.....       96%         1    ##.....
 Confusing Touch          Hex            #.....       96%         1    ##.....
 Freeze                   Ice            #...         96%         1    ##.....
 Pain                     Necr           #...         96%         1    ##.....
 Summon Small Mammal      Summ           #...         96%         1    ##.....
 Corpse Rot               Necr           N/A          99%         2    ###....
 Sublimation of Blood     Necr           #.........   99%         2    ###....
 Swiftness                Chrm/Air       #.......     99%         2    ###....
 Throw Flame              Conj/Fire      #.....       99%         2    ###....
 Throw Frost              Conj/Ice       #.....       99%         2    ###....
 Confuse                  Hex            #.......     100%        3    ####...
 Gell's Gravitas          Tloc           #.........   100%        3    ####...
 Ozocubu's Armour         Chrm/Ice       #.......     100%        3    ####...
 Regeneration             Chrm/Necr      #.........   100%        3    ####...
 Vampiric Draining        Necr           #.........   100%        3    ####...
 Animate Dead             Necr           N/A          100%        4    #####..
 Petrify                  Tmut/Erth      #.......     100%        4    #####..
 Summon Ice Beast         Ice/Summ       #.......     100%        4    #####..
 Summon Lightning Spire   Summ/Air       #.......     100%        4    #####..
 Throw Icicle             Conj/Ice       #.......     100%        4    #####..
 Agony                    Necr           #.......     100%        5    ######.
 Bolt of Draining         Conj/Necr      #.........   100%        5    ######.
 Dispel Undead            Necr           #.......     100%        5    ######.
 Excruciating Wounds      Chrm/Necr      #.........   100%        5    ######.
 Fireball                 Conj/Fire      #.........   100%        5    ######.
 Metabolic Englaciation   Hex/Ice        #.........   100%        5    ######.
 Yara's Violent Unravell  Hex/Tmut       #.........   100%        5    ######.
 Poison Arrow             Conj/Pois      #.........   100%        6    #######
 Chain Lightning          Conj/Air       #.........   100%        8    #######
 Lehudib's Crystal Spear  Conj/Erth      #.........   100%        8    #######
 Fire Storm               Conj/Fire      #.........   100%        9    #######
 Glaciate                 Conj/Ice       #.........   100%        9    #######


Dungeon Overview and Level Annotations

Branches:
Dungeon (13/15)              Lair (6/6) D:10          Swamp (4/4) Lair:3
 Spider (0/4) Lair:3        Slime (0/5) Lair:5          Orc (2/2) D:10
    Elf (0/3) Orc:2
 Temple: D:4-7       Vaults: D:13-14

Altars:
Sif Muna
Beogh

Shops:
Orc:2 ([??

Annotations:
Lair:6 3 runed doors, Zephyr's ghost, journeyman DsGl


Innate Abilities, Weirdness & Mutations

You have hooves in place of feet.
Armour fits poorly on your strangely shaped body.
You cover ground very quickly.
You have extremely tough skin. (AC +3)
You are resistant to hostile enchantments. (MR+)
You occasionally shout uncontrollably at your foes.


Message History

Your two-headed ogre's corpse disappears in a puff of smoke!
You feel much better.
The ice dragon bites you but does no damage.
The ice dragon claws you. The ice dragon closely misses you.
Evoke which item? (* to show all) (? for menu, Esc to quit)
Aiming: Corrosive Bolt
Press: ? - help, Shift-Dir - straight line The bolt of acid misses the ice dragon.
The bolt of acid hits the six-headed hydra simulacrum.
The six-headed hydra simulacrum is splashed with acid.
The acid corrodes the six-headed hydra simulacrum!
The six-headed hydra simulacrum vapourises!
Trog accepts your kill.
The ice dragon bites you but does no damage.
The ice dragon closely misses you. The ice dragon tramples you.
You stumble backwards!
An eight-headed hydra simulacrum comes into view.
The ice dragon breathes frost at you. The blast of cold hits you!
You die...

.# ♣♣♣♣♣♣♣♣...≈≈
#Z. ♣≈≈♣♣ ♣♣..≈≈≈
..# ♣≈≈≈♣♣♣..≈≈≈≈
..## ♣≈≈≈♣.≈.≈≈≈≈
##[.#♣♣≈≈..♣♣.≈≈≈≈
#§.# ♣≈≈..♣♣♣♣.≈≈.
#..# ♣♣..♣♣ ♣.≈≈..
#D.# #≈.≈≈♣♣≈≈≈≈≈≈
#@.#♣#.≈.≈≈♣.≈≈≈≈≈
♣.#.#♣≈≈.≈≈≈≈≈≈≈..
♣#......≈≈≈≈≈≈....
♣.§#♣#≈.≈≈.....≈≈.
#.#§ #≈≈.....≈...≈
## ##♣♣≈≈♣♣♣♣..≈≈.
≈≈♣♣ ≈♣♣♣. ♣♣♣ ♣
♣≈ ♣♣


You could see an ice dragon and an eight-headed hydra simulacrum.

Vanquished Creatures
  An orc warlord (Orc:2)
  The ghost of PeterLawrence the Bludgeoner, a journeyman MiFi of Okawaru (Lair:4)
  Snorg (Lair:4)
  2 ice dragons (Swamp:4)
  10 hydras
  2 ghost crabs
  3 two-headed ogres
  7 death yaks (Lair:6)
  9 alligators
  4 catoblepae
  A spriggan (Swamp:4)
  An orc high priest (Orc:2)
  The ghost of bmj180 the Cleaver, a novice MiFi of Xom (D:8)
  A shambling mangrove (Swamp:4)
  An orc knight (Orc:2)
  An oklob plant (Lair:4)
  2 orc sorcerers (Orc:1)
  2 manticores (Lair:6)
  2 elephants (Lair:3)
  4 black mambas
  A gargoyle (D:13)
  12 spiny frogs
  A kobold demonologist (D:11)
  3 rime drakes
  6 komodo dragons
  2 efreet (Volcano)
  4 freezing wraiths (Swamp:4)
  2 trolls
  2 polar bears
  Grinder (D:3)
  3 hornets (Swamp:4)
  8 slime creatures
  6 tyrant leeches
  5 blink frogs (Lair:6)
  2 bog bodies
  5 hippogriffs
  A human (D:7)
  31 yaks
  A wraith (D:11)
  4 fire elementals (Volcano)
  2 hungry ghosts
  4 hogs (D:7)
  4 wargs (Orc:1)
  5 swamp worm simulacra (Swamp:4)
  6 vampire mosquitoes
  13 swamp worms
  A soldier ant (D:11)
  10 insubstantial wisps (Swamp:4)
  7 water moccasins
  6 porcupines
  5 hydra simulacra (Swamp:4)
  5 swamp drakes
  An ice beast (D:6)
  29 orc warriors
  2 sky beasts
  A hornet zombie (D:11)
  An eye of draining (D:10)
  5 ogres
  11 wolves
  6 centaurs
  8 crocodiles
  An elf zombie (Ossuary)
  Blork the orc (D:5)
  8 bullfrogs
  A gnoll sergeant (D:11)
  3 scorpions
  8 wights (D:11)
  A crimson imp (D:5)
  2 howler monkeys (D:7)
  2 centaur zombies
  A bullfrog zombie (D:11)
  2 human zombies (Ossuary)
  3 hounds
  A bullfrog skeleton (D:6)
  20 orc priests
  3 jellies
  5 iguanas
  27 orc wizards
  3 worker ants
  2 big kobold zombies (Ossuary)
  2 hound zombies
  A worker ant zombie (D:9)
  3 mummies
  4 gnolls (D:11)
  8 adders
  2 shadow imps
  12 white imps (Lair:5)
  3 swamp drake simulacra (Swamp:4)
  2 adder zombies (Ossuary)
  A worm (D:5)
  2 dart slugs
  3 leopard geckos
  87 orcs
  3 bats
  6 giant cockroaches
  9 goblins
  5 hobgoblins
  8 jackals
  A quokka (D:3)
  A ball python (D:3)
  4 frilled lizards
  10 hobgoblin zombies (Ossuary)
  2 jackal zombies
  4 kobolds (D:2)
  6 kobold zombies (Ossuary)
  10 orc zombies (Ossuary)
  A quokka zombie (D:8)
  5 rats
  2 rat zombies (Ossuary)
  A fire vortex (Volcano)
  6 fungi
  2 plants (Lair:6)
598 creatures vanquished.

Vanquished Creatures (collateral kills)
  A hydra (Lair:1)
  A two-headed ogre (D:8)
  An ugly thing (IceCv)
  An efreet (Volcano)
  Grum (D:9)
  6 ice beasts (IceCv)
  2 ogres (D:8)
  A wolf (D:9)
  A bullfrog (Lair:1)
  A fire vortex (Volcano)
16 creatures vanquished.

Vanquished Creatures (others)
  An azure jelly (Swamp:4)
  A tyrant leech (Swamp:4)
  6 slime creatures (Swamp:4)
  An orc wizard (Orc:1)
  A fire vortex (Volcano)
  2 fungi (Lair:2)
  5 plants
17 creatures vanquished.

Grand Total: 631 creatures vanquished

Notes
Turn   | Place    | Note
-------+----------+-------------------------------------------
     0 | D:1      | Lavandula the Centaur Berserker began the quest for the
                  | Orb.
     0 | D:1      | Reached XP level 1. HP: 19/19 MP: 1/1
    28 | D:2      | Reached skill level 3 in Axes
    28 | D:2      | Reached XP level 2. HP: 26/26 MP: 2/2
   193 | D:1      | Reached XP level 3. HP: 17/31 MP: 3/3
   396 | D:2      | Reached skill level 4 in Axes
   636 | D:3      | Noticed Grinder
   658 | D:3      | Killed Grinder
   658 | D:3      | Reached skill level 5 in Axes
   658 | D:3      | Reached XP level 4. HP: 38/38 MP: 4/4
   658 | D:3      | Reached XP level 5. HP: 45/45 MP: 5/5
   662 | D:3      | Reached skill level 6 in Axes
   694 | D:3      | Reached ** piety under Trog
   730 | D:4      | Noticed an ogre
   978 | D:5      | Entered Level 5 of the Dungeon
  1000 | D:4      | Reached XP level 6. HP: 40/51 MP: 6/6
  1199 | D:4      | Identified Jicoron's Collected Works on Burning Air
  1232 | D:4      | Reached skill level 7 in Axes
  1444 | D:5      | oh yeah
  1456 | D:6      | Reached XP level 7. HP: 57/57 MP: 7/7
  1584 | D:6      | Reached skill level 8 in Axes
  1643 | D:6      | Reached skill level 9 in Axes
  1643 | D:6      | Reached XP level 8. HP: 16/63 MP: 8/8
  1740 | D:6      | Found a sand-covered staircase.
  1747 | Ossuary  | Entered an ossuary
  1792 | Ossuary  | Reached *** piety under Trog
  2030 | D:6      | Reached skill level 10 in Axes
  2095 | D:5      | Noticed Blork the orc
  2099 | D:5      | Killed Blork the orc
  2532 | D:7      | Found a deep blue altar of Sif Muna.
  2581 | D:7      | Reached **** piety under Trog
  2581 | D:7      | Reached skill level 11 in Axes
  2581 | D:7      | Reached XP level 9. HP: 69/69 MP: 9/9
  2660 | D:7      | Reached skill level 12 in Axes
  3056 | D:8      | Noticed bmj180's ghost (novice MiFi)
  3057 | D:8      | Found a transporter.
  3057 | D:8      | Noticed a two-headed ogre
  3075 | D:8      | Reached skill level 5 in Fighting
  3151 | D:8      | Found a transporter.
  3182 | D:8      | Killed a two-headed ogre
  3192 | D:8      | Killed bmj180's ghost
  3192 | D:8      | Reached XP level 10. HP: 84/84 MP: 10/10
  3300 | D:9      | Gained mutation: You occasionally shout uncontrollably at
                  | your foes. [potion of mutation]
  3300 | D:9      | Gained mutation: You are resistant to hostile enchantments.
                  | (MR+) [potion of mutation]
  3348 | D:9      | Noticed Grum
  3358 | D:9      | Killed Grum
  3377 | D:10     | Entered Level 10 of the Dungeon
  3648 | D:10     | Found a staircase to the Lair.
  3660 | D:10     | Found a staircase to the Orcish Mines.
  3663 | D:10     | Got a transparent chain mail
  3715 | D:10     | Identified the +8 chain mail of Music {Int+2} (You found it
                  | on level 10 of the Dungeon)
  3778 | Orc:1    | Entered Level 1 of the Orcish Mines
  3778 | Orc:1    | Noticed a two-headed ogre
  3787 | Orc:1    | Killed a two-headed ogre
  3878 | Orc:1    | Noticed an orc sorcerer
  3885 | Orc:1    | Killed an orc sorcerer
  3885 | Orc:1    | Reached skill level 5 in Armour
  3889 | Orc:1    | Reached ***** piety under Trog
  3948 | D:11     | Noticed a two-headed ogre
  3966 | D:11     | Reached XP level 11. HP: 77/91 MP: 11/11
  3969 | D:11     | Killed a two-headed ogre
  3978 | D:11     | Received a gift from Trog
  4083 | D:11     | Noticed a two-headed ogre
  4092 | D:11     | Killed a two-headed ogre
  4327 | D:11     | Reached skill level 13 in Axes
  4579 | Orc:2    | Entered Level 2 of the Orcish Mines
  4606 | Orc:2    | Found a roughly hewn altar of Beogh.
  4606 | Orc:2    | Noticed an orc knight
  4607 | Orc:2    | Found Boboesatza's Magic Scroll Shoppe.
  4622 | Orc:2    | Killed an orc knight
  4631 | Orc:2    | Bought a scroll of noise for 17 gold pieces
  4670 | Orc:2    | Found a staircase to the Elven Halls.
  4904 | Orc:2    | Found a roughly hewn altar of Beogh.
  4982 | Orc:2    | Noticed an orc warlord
  5024 | Orc:2    | Killed an orc warlord
  5024 | Orc:2    | Reached skill level 14 in Axes
  5115 | Orc:2    | Noticed an orc high priest
  5134 | Orc:2    | Killed an orc high priest
  5134 | Orc:2    | Received a gift from Trog
  5134 | Orc:2    | Reached XP level 12. HP: 69/97 MP: 12/12
  5216 | Orc:2    | Found Hirphuarph's Antique Weapon Emporium.
  5218 | Orc:2    | Found a roughly hewn altar of Beogh.
  5219 | Orc:2    | Found Eleipnuv's Antique Armour Shoppe.
  5232 | Orc:2    | Bought a translucent scale mail for 207 gold pieces
  5242 | Orc:2    | Identified the +4 scale mail of Vuggin {rN++ Slay-3} (You
                  | bought it in a shop on level 2 of the Orcish Mines)
  5348 | Orc:2    | Found a roughly hewn altar of Beogh.
  5354 | Orc:2    | Found Qerisim's Magic Scroll Shop.
  5451 | Orc:2    | Found a roughly hewn altar of Beogh.
  5654 | Lair:1   | Entered Level 1 of the Lair of Beasts
  5654 | Lair:1   | Noticed a six-headed hydra
  5657 | Lair:1   | Killed a seven-headed hydra
  5713 | Lair:2   | Reached skill level 15 in Axes
  5948 | Lair:2   | Noticed an eight-headed hydra
  5955 | Lair:2   | Killed a ten-headed hydra
  6217 | Lair:3   | Reached skill level 16 in Axes
  6247 | Lair:3   | Noticed a four-headed hydra
  6255 | Lair:3   | Killed a seven-headed hydra
  6283 | Lair:3   | Noticed a six-headed hydra
  6313 | Lair:3   | Killed a nine-headed hydra
  6390 | Lair:3   | Found a staircase to the Swamp.
  6433 | Lair:3   | Found a hole to the Spider Nest.
  6510 | Lair:4   | Noticed Snorg
  6523 | Lair:4   | Killed Snorg
  6523 | Lair:4   | Reached XP level 13. HP: 58/103 MP: 13/13
  6823 | Lair:4   | Found a runed door.
  6823 | Lair:4   | Noticed PeterLawrence's ghost (journeyman MiFi)
  6852 | Lair:4   | Killed PeterLawrence's ghost
  6986 | Lair:5   | Found a dark tunnel.
  7030 | Volcano  | Entered a volcano
  7320 | Lair:5   | Found a frozen archway.
  7342 | IceCv    | Entered an ice cave
  7367 | IceCv    | Found a transporter.
  7446 | IceCv    | Found a transporter.
  7520 | Lair:6   | Entered Level 6 of the Lair of Beasts
  7745 | Lair:6   | Found a runed gate.
  7745 | Lair:6   | Found a runed gate.
  7745 | Lair:6   | Found a runed gate.
  7745 | Lair:6   | Noticed Zephyr's ghost (journeyman DsGl)
  7872 | Lair:6   | Reached skill level 17 in Axes
  8108 | Lair:6   | Reached XP level 14. HP: 112/118 MP: 14/14
  8179 | Lair:6   | Got a steaming granite ring
  8181 | Lair:6   | Identified the ring "Remna" {rElec rN+} (You found it on
                  | level 6 of the Lair of Beasts)
  8411 | Swamp:1  | Entered Level 1 of the Swamp
  8798 | Swamp:2  | Reached skill level 18 in Axes
  9337 | Swamp:4  | Entered Level 4 of the Swamp
  9408 | Swamp:4  | Got a jewelled ring mail
  9419 | Swamp:4  | Identified the +1 ring mail of Exclusion {rN+ Int+2} (You
                  | found it on level 4 of the Swamp)
  9607 | Swamp:4  | Reached skill level 19 in Axes
  9990 | Swamp:4  | Received a gift from Trog
 10056 | Swamp:4  | Killed an azure jelly
 10191 | Swamp:4  | Killed from afar by an ice dragon

Skill      XL: |  1  2  3  4  5  6  7  8  9 10 11 12 13 14 |
---------------+-------------------------------------------+-----
Axes           | 3 5 6 7 9 11 12 14 16 17 19 | 19.5
Fighting       | 6 9 |  9.1
Dodging        | 2 4 |  4.0
Armour         | 6 8 |  8.3

Action                   |  1- 3 |  4- 6 |  7- 9 | 10-12 | 13-15 || total
-------------------------+-------+-------+-------+-------+-------++-------
Melee: Hand axe          |    59 |    80 |   170 |   111 |       ||   420
       Kick              |    13 |    18 |    74 |   137 |   166 ||   408
       War axe           |       |       |   149 |       |       ||   149
       Spear             |       |       |     7 |       |       ||     7
       Broad axe         |       |       |       |   376 |   239 ||   615
       Battleaxe         |       |       |       |     5 |   278 ||   283
Throw: Tomahawk          |       |       |       |     7 |       ||     7
       Javelin           |       |       |       |       |    10 ||    10
Invok: Berserk           |     2 |     4 |     9 |    17 |    19 ||    51
       Trog's Hand       |       |       |     6 |     9 |    30 ||    45
       Brothers in Arms  |       |       |     1 |     3 |     5 ||     9
Evoke: Wand              |       |       |       |       |     3 ||     3
       Lamp of fire      |       |       |       |       |     1 ||     1
  Use: Scroll            |       |       |     9 |     6 |    11 ||    26
       Potion            |       |       |       |     1 |     5 ||     6
  Eat: Chunk             |       |     6 |    13 |    28 |    25 ||    72
       Ration            |       |       |     1 |     1 |     6 ||     8
Armor: Animal skin       |    19 |    11 |       |       |       ||    30
       Ring mail         |       |    27 |   125 |       |       ||   152
       Chain mail        |       |       |       |   319 |   403 ||   722
Dodge: Dodged            |    16 |    59 |   111 |   141 |   185 ||   512
